General information
- name: BNet
- type: Ladder team game (AT/RT)
- host: Battle.net
- saver: Guildenstern
map: CentaurGrove
- players: 4
- length: 16:47
- speed: Fast
- version: 1.26 W3XP
- replay type: Public
» download(80 KB)
Players
team 1 (winner)

»
Guildenstern (
purple | 75 APM | 1260 actions | 16:47)
7 Archmage
2 Summon Water Elemental
3 Brilliance Aura
2 Blizzard
» actions
| Assign group hotkey | 101 | |
| Basic commands | 25 | |
| Build / train | 71 | |
| Enter build submenu | 32 | |
| Enter hero's abilities submenu | 6 | |
| Give item / drop item | 3 | |
| Right click | 439 | |
| Select / deselect | 247 | |
| Select group hotkey | 250 | |
| Use ability | 86 | |
1260 total
» units
| Peasant | 17 | |
| Footman | 5 | |
| Goblin Shredder | 1 | |
| Gryphon Rider | 4 | |
27 total
» upgrades
| Defend | 1 | |
| Masonry | 1 | |
| Storm Hammers | 1 | |
| Swords | 1 | |
| Armor | 1 | |
| Animal War Training | 1 | |
6 total
» buildings
| Barracks | 1 | |
| Altar of Kings | 1 | |
| Farm | 10 | |
| Lumber Mill | 2 | |
| Scout Tower | 10 | |
| Arcane Tower | 3 | |
| Guard Tower | 6 | |
| Town Hall | 1 | |
| Keep | 1 | |
| Castle | 2 | |
| Gryphon Aviary | 3 | |
| Blacksmith | 1 | |
| Arcane Vault | 1 | |
42 total
» build order
00:13 Barracks
00:18 Altar of Kings
00:34 Farm
01:05 Farm
01:34 Farm
02:30 Lumber Mill
02:58 Farm
03:09 Scout Tower
03:11 Scout Tower
03:32 Arcane Tower
03:39 Scout Tower
03:57 Guard Tower
04:30 Lumber Mill
05:02 Scout Tower
05:26 Guard Tower
05:41 Scout Tower
05:59 Scout Tower
06:16 Arcane Tower
06:38 Town Hall
07:43 Keep
08:18 Guard Tower
08:34 Scout Tower
08:36 Scout Tower
08:49 Scout Tower
08:51 Scout Tower
09:08 Guard Tower
10:19 Castle
10:24 Gryphon Aviary
10:39 Guard Tower
10:39 Guard Tower
11:21 Gryphon Aviary
11:58 Gryphon Aviary
12:11 Farm
12:13 Farm
12:14 Farm
12:22 Farm
12:30 Farm
12:32 Farm
13:52 Blacksmith
14:03 Arcane Vault
» items
| Scroll of Regeneration | 2 | |
| Lesser Clarity Potion | 2 | |
| Scroll of Town Portal | 1 | |
| Boots of Speed | 1 | |
| Tome of Retraining | 1 | |
| Staff of Teleportation | 1 | |
| Scroll of Protection | 1 | |
| Scroll of Healing | 1 | |
10 total

»
Horatio (
red | 79 APM | 1323 actions | 16:46)
3 Archmage
2 Summon Water Elemental
1 Brilliance Aura
1 Blood Mage
1 Banish
» actions
| Assign group hotkey | 56 | |
| Basic commands | 23 | |
| Build / train | 68 | |
| Enter build submenu | 65 | |
| Enter hero's abilities submenu | 4 | |
| Right click | 511 | |
| Select / deselect | 350 | |
| Select group hotkey | 133 | |
| Use ability | 113 | |
1323 total
» units
| Peasant | 14 | |
| Footman | 9 | |
| Sorceress | 4 | |
| Priest | 1 | |
28 total
» upgrades
| Magic Sentry | 1 | |
| Sorceress Training | 1 | |
2 total
» buildings
| Altar of Kings | 1 | |
| Farm | 19 | |
| Barracks | 2 | |
| Lumber Mill | 3 | |
| Scout Tower | 18 | |
| Guard Tower | 18 | |
| Arcane Vault | 1 | |
| Arcane Tower | 5 | |
| Blacksmith | 2 | |
| Keep | 1 | |
| Arcane Sanctum | 5 | |
| Castle | 1 | |
| Town Hall | 1 | |
77 total
» build order
00:11 Altar of Kings
00:15 Farm
00:23 Barracks
00:25 Barracks
00:57 Farm
01:36 Farm
02:32 Lumber Mill
03:18 Scout Tower
03:19 Scout Tower
03:22 Scout Tower
03:37 Guard Tower
03:37 Guard Tower
03:38 Guard Tower
03:41 Guard Tower
03:41 Guard Tower
03:41 Guard Tower
03:54 Scout Tower
03:58 Scout Tower
04:27 Guard Tower
04:27 Guard Tower
04:31 Scout Tower
05:00 Lumber Mill
05:24 Arcane Vault
05:45 Scout Tower
05:48 Farm
05:54 Farm
06:08 Scout Tower
06:11 Scout Tower
06:13 Scout Tower
06:17 Scout Tower
06:21 Scout Tower
06:32 Farm
06:46 Guard Tower
06:46 Guard Tower
07:26 Arcane Tower
07:26 Arcane Tower
07:46 Arcane Tower
07:56 Scout Tower
08:00 Scout Tower
08:03 Scout Tower
08:06 Blacksmith
08:33 Guard Tower
08:34 Guard Tower
08:34 Guard Tower
09:04 Keep
09:21 Guard Tower
09:31 Scout Tower
09:32 Scout Tower
09:32 Scout Tower
09:45 Blacksmith
10:05 Guard Tower
10:06 Guard Tower
10:07 Arcane Tower
11:29 Arcane Sanctum
11:32 Arcane Sanctum
11:38 Arcane Sanctum
11:41 Arcane Sanctum
12:03 Arcane Sanctum
13:37 Castle
14:34 Farm
14:34 Farm
14:36 Farm
14:37 Farm
14:39 Farm
14:42 Farm
14:42 Farm
14:43 Farm
14:45 Farm
14:46 Farm
14:46 Farm
14:49 Farm
15:10 Farm
15:39 Lumber Mill
16:10 Town Hall
» items
team 2 (loser)

»
Becareful (
green | 86 APM | 1019 actions | 11:50)
2 Blademaster
1 Wind Walk
1 Critical Strike
2 Shadow Hunter
1 Hex
1 Healing Wave
» actions
| Assign group hotkey | 6 | |
| Basic commands | 108 | |
| Build / train | 43 | |
| Enter build submenu | 17 | |
| Enter hero's abilities submenu | 4 | |
| Give item / drop item | 1 | |
| Remove unit from queue | 1 | |
| Right click | 454 | |
| Select / deselect | 200 | |
| Select group hotkey | 139 | |
| Use ability | 46 | |
1019 total
» units
| Peon | 8 | |
| Grunt | 7 | |
| Demolisher | 3 | |
| Tauren | 2 | |
20 total
» upgrades
| Berserker Strength | 1 | |
| Melee Weapons | 1 | |
| Armor | 1 | |
3 total
» buildings
| Altar of Storms | 1 | |
| Orc Burrow | 9 | |
| Voodoo Lounge | 1 | |
| Barracks | 1 | |
| Stronghold | 2 | |
| War Mill | 1 | |
| Fortress | 1 | |
| Spirit Lodge | 1 | |
| Tauren Totem | 2 | |
19 total
» build order
00:11 Altar of Storms
00:16 Orc Burrow
00:50 Voodoo Lounge
01:34 Barracks
01:57 Orc Burrow
03:39 Stronghold
03:39 Stronghold
04:34 Orc Burrow
04:38 War Mill
04:46 Orc Burrow
05:33 Orc Burrow
06:08 Fortress
06:10 Spirit Lodge
06:32 Orc Burrow
09:09 Tauren Totem
09:10 Tauren Totem
09:37 Orc Burrow
10:23 Orc Burrow
11:04 Orc Burrow
» items
| Healing Salve | 3 | |
| Lesser Clarity Potion | 1 | |
| Scroll of Speed | 1 | |
| Boots of Speed | 1 | |
| Staff of Teleportation | 1 | |
| Potion of Healing | 2 | |
9 total
snowwolf (
pink | 60 APM | 998 actions | 16:46)
2 Priestess of the Moon
1 Searing Arrows
1 Trueshot Aura
1 Blademaster
1 Critical Strike
» actions
| Assign group hotkey | 17 | |
| Build / train | 44 | |
| ESC pressed | 6 | |
| Enter build submenu | 8 | |
| Enter hero's abilities submenu | 3 | |
| Right click | 373 | |
| Select / deselect | 180 | |
| Select group hotkey | 342 | |
| Use ability | 25 | |
998 total
» units
| Wisp | 20 | |
| Archer | 1 | |
| Tauren | 1 | |
| Wind Rider | 3 | |
| Shaman | 3 | |
| Troll Batrider | 2 | |
30 total
» upgrades
| Shaman Training | 2 | |
| Pulverize | 1 | |
| Ranged Weapons | 1 | |
| Envenomed Spears | 2 | |
6 total
» buildings
| Altar of Elders | 1 | |
| Moon Well | 2 | |
| Ancient of War | 2 | |
| Beastiary | 1 | |
| Great Hall | 1 | |
7 total
» build order
00:04 Altar of Elders
00:05 Moon Well
00:53 Moon Well
01:42 Ancient of War
01:42 Ancient of War
12:06 Beastiary
14:44 Great Hall
» items
| Staff of Teleportation | 1 | |
| Healing Salve | 1 | |
2 total
Chat log
(00:06 / Allies) Guildenstern: towr rush the elf
(00:11 / Allies) Guildenstern: aracs altar
(02:12 / Allies) Guildenstern: go when ehro out
(02:23 / Allies) Horatio: whgic base
(02:25 / Allies) Guildenstern: elf
(03:49 / All) snowwolf: yer shitting me, two games in a row?
(04:41 / Allies) Guildenstern: sent hurt footy to heal fount
(05:04 / Allies) Guildenstern: twioer ur base
(05:39 / Allies) Horatio: tp?
(05:51 / Allies) Guildenstern: nah
(06:23 / Allies) Guildenstern: gold for xpo
(06:29 / Allies) Guildenstern: share
(06:35 / Allies) Guildenstern: u never sent ur weaklings to heal fuont
(08:31 / Allies) Guildenstern: tower up
(09:36 / All) Guildenstern: you stink go back to dota
(09:53 / All) Becareful: come to play 1v1
(10:07 / All) Guildenstern: bnet doesnt match trash with pros get to 10-0 solo then i will play u for pink slips
(10:10 / All) Guildenstern: u lose i take ur cd key
(10:23 / All) snowwolf: trashy bastard
(10:29 / All) Guildenstern: go back to dota
(10:47 / All) Becareful: get a life nerd
(10:58 / All) Guildenstern: what makes you think you can beat a nerd 1v1 to challenge me
(11:18 / Allies) Guildenstern: wagons
(11:22 / All) Becareful: cuz u sucks
(11:34 / Allies) Guildenstern: care
(11:34 / Allies) Guildenstern: b
(11:49 / Allies) Horatio: oopsie
(11:50 / All) Guildenstern: damn how are you gonna manage one base now
(11:52 / All) Guildenstern: with only one guy
(12:17 / Allies) Guildenstern: u jsut exited bnet
(12:17 / All) snowwolf: god damn his build is atrocious
(12:26 / Allies) Horatio: tahts odd
(12:26 / All) Guildenstern: u guys meet in a dotacash?
(12:33 / All) snowwolf: i've never played dota in my life
(12:48 / All) Guildenstern: you manage a potm like youv eplayed dota every day sionce you discovered it
(12:52 / All) Guildenstern: i recommend dota
(12:54 / All) Guildenstern: uw oudl enjoy it
(13:11 / Allies) Guildenstern: expo this
(13:14 / Allies) Guildenstern: dont bother towering it
(13:32 / Allies) Horatio: dowe have aa
(13:37 / Allies) Guildenstern: gryphs
(15:02 / Allies) Guildenstern: time to burrow rape
(16:19 / All) snowwolf: sigh, build with no AA is dumb as hell
(16:20 / All) snowwolf: gg